 Dungeon Crawl Stone Soup version 0.28-a0-1613-gdaab1c2f9b (webtiles) character file.

Game seed: 7154484383109051826

909 soggyman666 the Magician (level 8, -1/51 HPs)
             Began as a Djinni Air Elementalist on Jan 22, 2022.
             Was an Initiate of Ashenzari.
             Slain by an unseen horror (8 damage)
             ... on level 5 of the Dungeon.
             The game lasted 00:38:18 (8233 turns).

soggyman666 the Magician (Djinni Air Elementalist)  Turns: 8233, Time: 00:38:20

Health: -1/51      AC:  3    Str:  7    XL:     8   Next: 29%
Gold:   284        EV: 12    Int: 19    God:    Ashenzari [......] SH:  0 Dex: 14

rFire   + + .      SeeInvis .   (no weapon)
rCold   x . .      Faith    .   (no shield)
rNeg    . . .      Spirit   .   a - +1 robe
rPois   ∞          Reflect  .   (no helmet)
rElec   .          Harm     .   h - scarf {repulsion}
rCorr   .          Rampage  .   (no gloves)
Will    .....                   (boots unavailable)
Stlth   ++........              (no amulet)
HPRegen 0.17/turn               (no ring)
MPRegen 0.00/turn               (no ring)

@: flying, repel missiles
A: sickness immunity, fire resistance 2, cold vulnerability 1, float, innate
caster, hp casting, extra vitality 1
a: Renounce Religion


You were on level 5 of the Dungeon.
You worshipped Ashenzari.
Ashenzari was noncommittal.
You visited 2 branches of the dungeon, and saw 6 of its levels.

You collected 284 gold pieces.

Inventory:

Armour
 a - a +1 robe (worn)
 h - a scarf of repulsion (worn)
Wands
 g - a wand of flame (11)
 k - a wand of charming (7)
Potions
 b - a potion of magic {unknown}
 c - a potion of curing {unknown}
 d - a potion of cancellation {unknown}
 e - a potion of mutation {unknown}
 f - a potion of degeneration {unknown}
 i - a potion of lignification {unknown}


   Skills:
 + Level 0.7 Fighting
 + Level 2.7 Dodging
 * Level 3.1 Stealth
 + Level 6.3 Spellcasting
 * Level 2.8 Evocations


You had 4 spell levels left.
You knew the following spells:

 Your Spells              Type           Power      Damage    Failure   Level
a - Shock                 Conj/Air       100%       1d9       1%          1
b - Static Discharge      Conj/Air       29%        N/A       1%          2
c - Swiftness             Air            29%        N/A       2%          3
d - Airstrike             Air            14%        N/A       9%          4
e - Summon Small Mammal   Summ           100%       N/A       1%          1
f - Poisonous Vapours     Pois/Air       58%        N/A       1%          2
g - Searing Ray           Conj           58%        2d6       1%          2
Your spell library was empty.

Dungeon Overview and Level Annotations

Branches:
Dungeon (5/15)             Temple (1/1) D:5

Altars:
Ashenzari
Cheibriados
Dithmenos
Elyvilon
Fedhas
Gozag
Hepliaklqana
Kikubaaqudgha
Makhleb
Nemelex Xobeh
Okawaru
Qazlal
Ru
Sif Muna
Trog
Uskayaw
Vehumet
Wu Jian
Xom
Yredelemnul
Zin
The Shining One

Annotations:
D:4 3 runed translucent doors, derath95's ghost, amateur DsFi


Innate Abilities, Weirdness & Mutations

You are immune to sickness and miasma.
You are immune to poison.
Your flesh is very heat resistant. (rF++)
You are vulnerable to cold. (rC-)
You float through the air rather than walking.
You learn spells naturally, not from books.
Your magical power is your life essence.
You have superior vitality. (+4 MHP)


Message History

You reach down and close the door.
You start resting.
HP restored.
You reach down and open the door.
There is an open door here.
You reach down and open the door.
There is an open door here.
Casting: Searing Ray (safe; 1% risk of failure)
Confirm with . or Enter, or press ? or * to list all spells.
You can't see any susceptible monsters within range! (Use Z to cast anyway.) Unknown command.
Casting: Searing Ray (safe; 1% risk of failure)
Confirm with . or Enter, or press ? or * to list all spells.
Aiming: Poisonous Vapours (safe; 1% risk of failure)
Press: ? - help, Dir - move target Poisonous vapours surround something!
Something hits you but does no damage.
Casting: Poisonous Vapours (safe; 1% risk of failure)
Confirm with . or Enter, or press ? or * to list all spells.
Okay, then.
Something hits you but does no damage. Something hits you!
Something hits you but does no damage. Something hits you. Something hits you.
Something hits you. Something hits you!
There is an open door here.
Something is blocking the doorway!
Something hits you!
* * * LOW HITPOINT WARNING * * *
Casting: Poisonous Vapours (safe; 1% risk of failure)
Confirm with . or Enter, or press ? or * to list all spells.
You can't see any susceptible monsters within range! (Use Z to cast anyway.) Unknown command.
Unknown command.
Casting: Poisonous Vapours (safe; 1% risk of failure)
Confirm with . or Enter, or press ? or * to list all spells.
Something is struck by an arc of lightning.
The lightning grounds out.
* * * LOW HITPOINT WARNING * * *
Something hits you!
You die...

######.# #.#......# #..
#....#.# #.######## ###
#....#.# #.# #....#.#
####'## #....#'#####.....#
#..........#.....#
#..........#.....#
####.......#.....#
#####.......#...@.#
............####'#####
......#'########.....#
......#.#......'.....#
......#.#.######.....#
.######## #####.....#
##8...8#####..##.....#######
.#.....#...##'##...........#
....>....8.......###.......#


There were no monsters in sight!

Vanquished Creatures
  A necrophage (D:4)
  2 ogres
  A howler monkey (D:4)
  A centaur zombie (D:5)
  2 orc priests (D:5)
  A jelly (D:5)
  A bullfrog skeleton (D:4)
  2 centaur skeletons (D:4)
  Ijyb (D:4)
  3 iguanas
  An orc wizard (D:5)
  Natasha (thrice) (D:3)
  A killer bee zombie (D:5)
  A howler monkey zombie (D:3)
  2 gnolls (D:1)
  4 adders
  An ufetubus (D:5)
  A worm (D:2)
  11 dart slugs
  5 orcs
  7 endoplasms
  3 giant cockroaches
  10 goblins
  6 hobgoblins
  7 quokkas
  7 ball pythons
  5 bats
  3 frilled lizards
  6 kobolds
  A quokka skeleton (D:4)
  9 rats
109 creatures vanquished.

Notes
Turn   | Place    | Note
-------+----------+-------------------------------------------
     0 | D:1      | soggyman666 the Djinni Air Elementalist began the quest for
                  | the Orb.
     0 | D:1      | Reached XP level 1. HP: 15/15 MP: 0/0
   170 | D:1      | Reached XP level 2. HP: 13/21 MP: 0/0
   389 | D:1      | Reached skill level 3 in Spellcasting
   389 | D:1      | Reached XP level 3. HP: 13/25 MP: 0/0
   389 | D:1      | Learned a level 1 spell: Summon Small Mammal
  1046 | D:1      | Found a faded altar of an unknown god.
  1605 | D:2      | Reached XP level 4. HP: 29/31 MP: 0/0
  2550 | D:2      | Reached XP level 5. HP: 26/35 MP: 0/0
  2550 | D:2      | Learned a level 2 spell: Poisonous Vapours
  2767 | D:3      | Reached skill level 4 in Spellcasting
  3265 | D:3      | Noticed Natasha
  3276 | D:3      | Killed Natasha
  3397 | D:3      | Noticed Natasha
  3422 | D:3      | Killed Natasha
  3643 | D:3      | Reached XP level 6. HP: 30/40 MP: 0/0
  3707 | D:3      | Noticed Natasha
  3716 | D:3      | Killed Natasha
  4062 | D:4      | Noticed an ogre
  4085 | D:4      | Reached skill level 1 in Evocations
  4392 | D:4      | Noticed a necrophage
  4434 | D:4      | Killed a necrophage
  4435 | D:4      | Reached skill level 5 in Spellcasting
  4435 | D:4      | Reached XP level 7. HP: 33/45 MP: 0/0
  4435 | D:4      | Learned a level 2 spell: Searing Ray
  4525 | D:4      | Found a runed translucent gate.
  4525 | D:4      | Found a runed translucent gate.
  4526 | D:4      | Found a runed translucent gate.
  4526 | D:4      | Noticed derath95's ghost (amateur DsFi)
  4841 | D:4      | Found a shimmering altar of Xom.
  5173 | D:4      | Noticed Ijyb
  5188 | D:4      | Killed Ijyb
  5413 | D:5      | Entered Level 5 of the Dungeon
  5506 | D:5      | Reached XP level 8. HP: 22/51 MP: 0/0
  5806 | D:5      | Reached skill level 6 in Spellcasting
  6273 | D:5      | HP: 1/51 [something (3)]
  6759 | D:5      | Noticed a two-headed ogre
  7137 | D:5      | Found a staircase to the Ecumenical Temple.
  7155 | Temple   | Entered the Ecumenical Temple
  7501 | Temple   | Became a worshipper of Ashenzari the Shackled
  8233 | D:5      | Slain by an unseen horror

Illustrated notes

Levels and vault maps discovered:
D:1:      noname_arrival_rooms_in_the_neighbourhood, layout_basic,
          dilly_ecumenical_altar_fadedgnrine, minmay_pentomino_o4
D:2:      layout_basic
D:3:      kennysheep_slugbush, layout_rooms, kennysheep_generic_room_7,
          uniq_natasha
D:4:      layout_loops_cross, mainiacjoe_overflow_brackets,
          ebering_ghost_rock_garden, uniq_ijyb
D:5:      layout_basic, minmay_temple_entry_antechambers
Temple:   mainiacjoe_temple_circle_huts

Skill      XL: |  1  2  3  4  5  6  7  8 |
---------------+-------------------------+-----
Spellcasting   | 3 4 5 6 |  6.3
Stealth        | 2 3 |  3.1
Evocations     | 1 2 |  2.8
Fighting       | |  0.7
Dodging        | |  2.7

Action                   |  1- 3 |  4- 6 |  7- 9 || total
-------------------------+-------+-------+-------++-------
Melee: Unarmed           |       |       |     1 ||     1
 Cast: Shock             |    51 |   123 |    60 ||   234
       Summon Small Mamm |       |    12 |       ||    12
       Static Discharge  |       |    13 |     8 ||    21
       Poisonous Vapours |       |     7 |    24 ||    31
       Airstrike         |       |     1 |       ||     1
       Swiftness         |       |       |     3 ||     3
       Searing Ray       |       |       |     2 ||     2
Evoke: Wand              |       |       |     9 ||     9
  Use: Scroll            |     1 |     2 |     6 ||     9
       Potion            |       |       |     1 ||     1
Armor: Robe              |       |     4 |    15 ||    19
Dodge: Dodged            |     2 |     8 |    25 ||    35

Table legend: (Time is in decaauts)
 A = Elapsed time spent in this place.
 B = Non-inter-level travel time spent in this place.
 C = Inter-level travel time spent in this place.
 D = Time resting spent in this place.
 E = Time spent auto-exploring this place.
 F = Levels seen in this place.
 G = Mean time per level.
                   A        B        C        D        E       F      G
               +--------+--------+--------+--------+--------+-----+--------+
         Total |   8243 |   7582 |    661 |   2140 |   4430 |   6 | 1373.8 |
       Dungeon |   7876 |   7275 |    601 |   2140 |   4146 |   5 | 1575.2 |
        Temple |    367 |    307 |     60 |      0 |    284 |   1 |  367.0 |
               +--------+--------+--------+--------+--------+-----+--------+

Top non-repeatable levels by time:
     D:5: 1966 daAuts
     D:4: 1952 daAuts
     D:1: 1603 daAuts
     D:3: 1209 daAuts
     D:2: 1143 daAuts
  Temple: 367 daAuts
